 Dungeon Crawl Stone Soup version 0.16-a0-791-gf1c67de (webtiles) character file.

44384 RobertPalmer the Bludgeoner (level 14, 0/105 (114) HPs)
             Began as an Ogre Transmuter on Sept 28, 2014.
             Was a Priest of Ashenzari.
             Slain by a crocodile (12 damage)
             ... on Level 8 of the Lair of Beasts.
             The game lasted 01:20:48 (26938 turns).

RobertPalmer the Bludgeoner (Ogre Transmuter)      Turns: 26938, Time: 01:20:48

HP   0/105 (114) AC 12     Str 18      XL: 14   Next: 28%
MP  30/30        EV 15     Int 15      God: Ashenzari [***...]
Gold 1189        SH  0     Dex 11      Spells:  6 memorised,  1 level left

rFire  . . .     SeeInvis +     a - +3 giant spiked club (flame)
rCold  . . .     Clarity  +     X - +2 robe {MR+} (curse)
rNeg   + . .     rCorr    .     (shield restricted)
rPois  +         rRot     .     i - +4 hat "Sheloz" {rN+}
rElec  .         Spirit   .     e - +2 cloak (curse)
SustAb .         Warding  .     (gloves unavailable)
rMut   .         Stasis   .     (boots unavailable)
Gourm  .                        (no amulet)
MR     ++...                    B - cursed ring of poison resistance
                                n - cursed ring of magical power

@: about to teleport, very slightly contaminated, invisible, very resistant to
hostile enchantments, very unstealthy
A: unfitting armour, tough skin 1
a: Renounce Religion


You were on level 8 of the Lair of Beasts.
You worshipped Ashenzari.
Ashenzari was most pleased with you.
You were very hungry.

You visited 3 branches of the dungeon, and saw 19 of its levels.
You also visited: Ossuary.

You collected 1189 gold pieces.


Innate Abilities, Weirdness & Mutations

You are too large for most types of armour.
You have tough skin (AC +1).


   Skills:
 - Level 1.3 Fighting
 - Level 17.4 Maces & Flails
 - Level 10.7(13.3) Dodging
 - Level 2.6 Unarmed Combat
 - Level 2.4 Spellcasting
 + Level 7.8(9.7) Charms
 - Level 6.7(8.7) Summonings
 - Level 7.2(9.1) Necromancy
 - Level 1.8(3.2) Transmutations


You had one spell level left.
You knew the following spells:

 Your Spells              Type           Power        Failure   Level  Hunger
g - Regeneration          Chrm/Necr      ####......   1%          3    ####...
u - Animate Skeleton      Necr           N/A          1%          1    #......
y - Summon Mana Viper     Hex/Summ       ###.....     87%         5    ######.
z - Beastly Appendage     Trmt           ##....       8%          1    #......
X - Animate Dead          Necr           N/A          6%          4    #####..
Z - Sticks to Snakes      Trmt           ##........   12%         2    ##.....

Inventory:

Hand weapons
 a - a +3 giant spiked club of flaming (weapon)
 b - a +0 blowgun
Missiles
 t - 18 poisoned needles
 C - 4 curare-tipped needles
Armour
 e - a cursed +2 cloak (worn)
 i - the cursed +4 hat "Sheloz" (worn) {rN+}
   (You acquired it on level 6 of the Lair of Beasts)

   It protects you from negative energy.
   It has a curse placed upon it.
 X - a cursed +2 robe of magic resistance (worn)
Magical devices
 d - a wand of teleportation (0) {!d}
 x - a wand of invisibility (5)
 y - a wand of digging (12)
 I - a wand of teleportation (4) {!d}
 O - a wand of fireball (0)
 R - a wand of fireball (0)
 W - a wand of paralysis (0)
Comestibles
 f - 5 meat rations
 h - a rotting chunk of fire drake flesh {@*1}
 l - 21 bread rations
 m - 7 fruits
 S - 2 beef jerkies
Scrolls
 o - a scroll of teleportation
 u - 5 scrolls of remove curse
 v - 6 scrolls of identify
 E - a scroll of recharging
 J - a scroll of curse armour
 L - a scroll of curse jewellery
 N - 2 scrolls of curse weapon
 P - 2 scrolls of vulnerability
 U - 4 scrolls of amnesia
 V - a scroll of magic mapping
Jewellery
 n - a cursed ring of magical power (left hand)
 B - a cursed ring of poison resistance (right hand)
Potions
 g - a potion of magic
 j - 3 potions of restore abilities
 p - a potion of flight
 q - a potion of porridge
 r - 2 potions of resistance
 w - 2 potions of brilliance
 z - 2 potions of invisibility
 A - a potion of might
 D - 3 potions of cancellation
 H - 2 potions of lignification {!q}
 K - 3 potions of haste
 M - a potion of curing
 Q - a potion of cure mutation
 T - a potion of berserk rage
Books
 s - a book of Wizardry
 F - a book of Necromancy
 Y - a book of Power
 Z - a book of Control

Dungeon Overview and Level Annotations

Branches:
Dungeon (10/15)            Temple (1/1) D:5             Orc (0/4) D:9
   Lair (8/8) D:9          Shoals (0/5) Lair:4       Spider (0/5) Lair:5
  Slime (0/6) Lair:6

Altars:
Ashenzari
Cheibriados
Dithmenos
Elyvilon
Fedhas
Gozag
Kikubaaqudgha
Makhleb
Nemelex Xobeh
Okawaru
Qazlal
Ru
Sif Muna
Trog
Vehumet
Xom
Yredelemnul
Zin
The Shining One

Shops:
D:6 *

Annotations:
D:3 Bubba's ghost, weakling DsAK

...............PPPPPP.#..Z.......
................PPPP.............
.................PPP............#
.P...........P...PP..............
PP...........P.PPPP...#.##.......
P..#.....##..PP..#.P..#..###.....
P.##.#..#..#..###.......##.#.....
.P###...##....####P..#.....P...Z.
+#####....#....F@P....#P.....#..#
..##..........PYlt.........##..Z.
...#.........P...........P..#....
..##.P..PP...#..#Z....#.?P.......
.P##.P...#....#.#....#..PP.......
#####....#............#PPPP#.....
#....P..................PPPPP....
......................P..PPP.....
#.####...##................<.....


You could see a komodo dragon, a yak, a spiny frog, a crocodile and a griffon
zombie.


Message History

The spiny frog stings you!
* * * LOW HITPOINT WARNING * * *
The komodo dragon bites you!!
* * * LOW HITPOINT WARNING * * *
The yak closely misses you.
Unknown command.
Read which item? (? for menu, Esc to quit)
Okay, then.
Drink which item? (? for menu, Esc to quit)
Okay, then.
Evoke which item? (* to show all) (? for menu, Esc to quit)
Okay, then.
Drink which item? (? for menu, Esc to quit)
You feel better. The spiny frog closely misses you.
The komodo dragon closely misses you. The crocodile barely misses you.
The yak closely misses you.
Drink which item? (? for menu, Esc to quit)
Okay, then.
Drink which item? (? for menu, Esc to quit)
Okay, then.
Read which item? (? for menu, Esc to quit)
Okay, then.
Evoke which item? (* to show all) (? for menu, Esc to quit)
Okay, then.
Okay, then.
Evoke which item? (* to show all) (? for menu, Esc to quit)
Zapping:
d - a wand of teleportation {!d} You feel strangely unstable.
The spiny frog closely misses you. The komodo dragon misses you.
The crocodile bites you!
You die...

Action                   |  1- 3 |  4- 6 |  7- 9 | 10-12 | 13-15 || total
-------------------------+-------+-------+-------+-------+-------++-------
Melee: Unarmed           |    11 |       |       |       |       ||    11
       Club              |   175 |    73 |       |       |       ||   248
       Giant club        |       |    15 |   192 |       |       ||   207
       Giant spiked club |       |       |   184 |   598 |   336 ||  1118
 Fire: Blowgun           |       |    31 |    28 |   132 |    21 ||   212
Throw: Tomahawk          |       |     4 |       |       |       ||     4
 Cast: Beastly Appendage |     8 |     3 |    12 |    68 |    38 ||   129
       Sticks to Snakes  |    11 |     7 |    10 |    17 |       ||    45
       Summon Mana Viper |       |       |       |     1 |       ||     1
       Animate Dead      |       |       |       |       |    29 ||    29
       Regeneration      |       |       |       |       |    23 ||    23
Evoke: Wand              |       |     4 |     8 |    20 |     9 ||    41
  Use: Scroll            |     2 |       |    13 |    32 |     3 ||    50
       Potion            |     1 |     4 |     2 |    13 |     5 ||    25
 Stab: Distracted        |     1 |       |     1 |       |     2 ||     4
       Invisible         |       |     7 |     3 |     4 |     1 ||    15
       Sleeping          |       |       |       |     4 |       ||     4
       Paralysed         |       |       |       |     4 |       ||     4
  Eat: Chunk             |     4 |     6 |    19 |    33 |    20 ||    82
       Royal jelly       |     1 |       |       |     2 |       ||     3
       Beef jerky        |       |     1 |       |     1 |     3 ||     5
       Pizza             |       |       |       |     2 |       ||     2
       Fruit             |       |       |       |     1 |       ||     1

Vault maps used:
D:1:      minmay_arrival_four_loops, minivault_19
D:2:      first_bread, tso_altar
D:5:      minmay_temple_entry_hall, kennysheep_big_empty_room,
          grunt_qazlal_clouds, uniq_iyjb
D:6:      grunt_gozag_potion_petition, minmay_bad_closet,
          kennysheep_generic_room_11
D:7:      lemuel_coloured_pillars_altar, minmay_overflow_temple_hex,
          nicolae_ossuary_entry_monument, the_bakery
D:8:      kennysheep_mini_moat, lemuel_zombie_altar_yredelemnul
D:9:      erik_orc_1, lair_0_dummy, feat_on_display, uniq_blork_the_orc,
          uniq_psyche
D:10:     hangedman_abyss_or_decor_passed, small_statue_alley_a,
          minmay_diamond_spiral
Temple:   jpeg_temple_clearing_9
Lair:1:   dpeg_stationary_puzzle
Lair:2:   minivault_27, infiniplex_staircase_pool, serial_bayou_shore_b
Lair:3:   uniq_gastronok
Lair:4:   elwin_shoals_entry_stream
Lair:5:   nicolae_spider_entry_tight_spaces, serial_bayou_shore_b,
          grunt_megastairs_3
Lair:6:   dpeg_slime_entry_corner, uniq_erica
Lair:7:   lemuel_altar_in_water2, grunt_megastairs_2, serial_bayou_shore_a
Lair:8:   hangedman_lair_in_review, uniq_maud
Ossuary:  ossuary_minmay_four_chambers

Notes
Turn   | Place    | Note
--------------------------------------------------------------
     0 | D:1      | RobertPalmer, the Ogre Transmuter, began the quest for the Orb.
     0 | D:1      | Reached XP level 1. HP: 19/19 MP: 3/3
   137 | D:1      | Reached skill level 1 in Maces & Flails
   137 | D:1      | Reached XP level 2. HP: 17/27 MP: 5/5
   859 | D:1      | Reached skill level 2 in Maces & Flails
  1158 | D:2      | Learned a level 2 spell: Sticks to Snakes
  1198 | D:2      | Reached XP level 3. HP: 33/33 MP: 1/6
  1401 | D:2      | Reached skill level 3 in Maces & Flails
  1505 | D:2      | Found a glowing golden altar of the Shining One.
  2097 | D:3      | Noticed Bubba's ghost (weakling DsAK)
  2524 | D:3      | Reached skill level 4 in Maces & Flails
  2680 | D:3      | Reached XP level 4. HP: 41/41 MP: 8/8
  3271 | D:3      | Reached skill level 5 in Maces & Flails
  3478 | D:4      | Reached XP level 5. HP: 43/48 MP: 9/9
  3581 | D:4      | Reached skill level 6 in Maces & Flails
  3586 | D:4      | Identified 3 potions of resistance
  3605 | D:4      | Noticed an ogre
  3926 | D:4      | Noticed a water moccasin
  3939 | D:4      | Killed a water moccasin
  3939 | D:4      | Reached skill level 7 in Maces & Flails
  3939 | D:4      | Reached XP level 6. HP: 34/55 MP: 10/11
  4222 | D:3      | Killed an ogre
  4222 | D:3      | Reached skill level 8 in Maces & Flails
  4629 | D:4      | Reached skill level 9 in Maces & Flails
  4629 | D:4      | Reached XP level 7. HP: 41/62 MP: 12/12
  5259 | D:5      | Entered Level 5 of the Dungeon
  5894 | D:5      | Noticed Ijyb
  5916 | D:5      | Killed Ijyb
  6109 | D:5      | Reached skill level 10 in Maces & Flails
  6309 | D:5      | Found a stormy altar of Qazlal.
  6490 | D:5      | Reached skill level 11 in Maces & Flails
  6490 | D:5      | Reached XP level 8. HP: 70/70 MP: 14/14
  7097 | D:5      | Found a staircase to the Ecumenical Temple.
  7113 | D:5      | Reached skill level 12 in Maces & Flails
  7232 | Temple   | Entered the Ecumenical Temple
  7510 | D:6      | Found an opulent altar of Gozag.
  7511 | D:6      | Found Gozag's Nutrition Petition.
  7545 | D:6      | Reached skill level 13 in Maces & Flails
  7902 | D:6      | Reached XP level 9. HP: 36/76 MP: 15/15
  8368 | D:6      | Reached skill level 14 in Maces & Flails
  8946 | D:7      | Found a sand-covered staircase.
  8958 | Ossuary  | Entered an ossuary
  9042 | Ossuary  | Reached skill level 15 in Maces & Flails
  9846 | D:7      | Reached skill level 16 in Maces & Flails
  9900 | D:7      | Found a deep blue altar of Sif Muna.
 10037 | D:7      | Reached XP level 10. HP: 51/84 MP: 17/17
 10529 | D:7      | Found a shattered altar of Ashenzari.
 10535 | D:7      | Found a shimmering altar of Xom.
 10536 | D:7      | Found a snail-covered altar of Cheibriados.
 10539 | D:7      | Became a worshipper of Ashenzari the Shackled
 10544 | D:7      | Found an ancient bone altar of Kikubaaqudgha.
 10630 | D:7      | Found an iron altar of Okawaru.
 10631 | D:7      | Found a blossoming altar of Fedhas.
 11075 | D:8      | Noticed RobertPalmer's ghost (experienced OgTm)
 11089 | D:8      | Killed RobertPalmer's ghost
 11089 | D:8      | Reached skill level 17 in Maces & Flails
 11253 | D:8      | Reached skill level 2 in Dodging
 11336 | D:8      | Found a sacrificial altar of Ru.
 11462 | D:8      | Found a basalt altar of Yredelemnul.
 11819 | D:9      | Found a staircase to the Lair.
 11858 | D:9      | Found a staircase to the Orcish Mines.
 12008 | D:9      | Reached skill level 3 in Dodging
 12360 | D:9      | Noticed Blork the orc
 12370 | D:9      | Killed Blork the orc
 12370 | D:9      | Reached skill level 4 in Dodging
 12640 | D:9      | Noticed Psyche
 12649 | D:9      | Killed Psyche
 12649 | D:9      | Reached skill level 5 in Dodging
 12943 | D:9      | Reached skill level 6 in Dodging
 13142 | D:10     | Entered Level 10 of the Dungeon
 13196 | Lair:1   | Entered Level 1 of the Lair of Beasts
 13549 | Lair:1   | Reached XP level 11. HP: 66/91 MP: 18/18
 13569 | Lair:1   | Reached skill level 7 in Dodging
 14819 | Lair:1   | Reached skill level 8 in Dodging
 14825 | Lair:1   | Got the uncursed hat of the Onion {Str+2}
 14831 | Lair:1   | Identified the +0 hat of the Onion {Str+2} (You found it on level 1 of the Lair of Beasts)
 15378 | Lair:1   | Reached skill level 9 in Dodging
 15518 | Lair:1   | Identified a wand of teleportation {zapped: 1} (You found it on level 1 of the Lair of Beasts)
 15809 | Lair:2   | HP: 6/91 [blink frog (16)]
 15814 | Lair:2   | HP: 6/91 [poison (a potion of poison)]
 16683 | Lair:2   | Learned a level 5 spell: Summon Mana Viper
 17014 | Lair:2   | Learned a level 6 spell: Iron Shot
 17221 | Lair:3   | Noticed Gastronok
 17243 | Lair:3   | Reached skill level 1 in Summonings
 17252 | Lair:3   | Killed Gastronok
 17252 | Lair:3   | Reached skill level 3 in Summonings
 17628 | Lair:3   | Acquired Ashenzari's first power
 18030 | Lair:3   | Reached skill level 4 in Summonings
 18066 | Lair:3   | Reached XP level 12. HP: 46/100 MP: 19/19
 18855 | Lair:4   | Reached skill level 5 in Summonings
 19050 | Lair:4   | Found a staircase to the Shoals.
 19825 | Lair:5   | Reached skill level 6 in Summonings
 19928 | Lair:5   | Found a hole to the Spider Nest.
 20477 | Lair:6   | Learned a level 3 spell: Regeneration
 20525 | Lair:6   | Reached skill level 1 in Charms
 20532 | Lair:6   | Reached skill level 2 in Charms
 20766 | Lair:6   | Reached skill level 3 in Charms
 20781 | Lair:6   | Identified a scroll of acquirement
 20781 | Lair:6   | Identified the cursed +4 hat "Sheloz" {rN+} (You acquired it on level 6 of the Lair of Beasts)
 20851 | Lair:6   | Noticed Erica
 20858 | Lair:6   | Killed Erica
 20858 | Lair:6   | Reached skill level 1 in Necromancy
 21015 | Lair:6   | Found a staircase to the Slime Pits.
 21083 | Lair:6   | Acquired Ashenzari's second power
 21238 | Lair:4   | Reached skill level 2 in Necromancy
 21701 | Lair:4   | Reached skill level 3 in Necromancy
 21830 | Lair:4   | Learned a level 4 spell: Animate Dead
 22410 | Lair:4   | Reached skill level 10 in Dodging
 22433 | Lair:4   | Reached XP level 13. HP: 97/97 MP: 20/20
 22844 | Lair:7   | Reached skill level 4 in Necromancy
 22908 | Lair:7   | Learned a level 1 spell: Animate Skeleton
 22931 | Lair:7   | Found a bloodstained altar of Trog.
 23394 | Lair:7   | Reached skill level 5 in Necromancy
 23829 | Lair:7   | Reached skill level 6 in Necromancy
 24256 | Lair:7   | Identified the cursed +3 chain mail of Schyusoam {Dex-2}
 24345 | Lair:7   | Reached skill level 7 in Necromancy
 24894 | Lair:8   | Entered Level 8 of the Lair of Beasts
 25045 | Lair:8   | Reached skill level 4 in Charms
 25655 | Lair:8   | Noticed Maud
 25666 | Lair:8   | Reached skill level 5 in Charms
 25691 | Lair:8   | Killed Maud
 25894 | Lair:8   | Your ally Maud died
 25991 | Lair:7   | Reached skill level 6 in Charms
 26008 | Lair:7   | Reached XP level 14. HP: 86/105 MP: 21/21
 26348 | Lair:7   | Reached skill level 7 in Charms
 26936 | Lair:8   | HP: 7/105 [komodo dragon (20)]
 26938 | Lair:8   | Slain by a crocodile

Vanquished Creatures
  Maud (Lair:8)
  Gastronok (Lair:3)
  Erica (Lair:6)
  2 hydras (Lair:8)
  4 death yaks (Lair:7)
  2 catoblepae
  The ghost of RobertPalmer the Bludgeoner, an experienced OgTm of Ashenzari (D:8)
  A death drake (Lair:4)
  A griffon (Lair:8)
  2 mermaids (Lair:4)
  5 black mambas
  14 spiny frogs
  7 elephants
  Psyche (D:9)
  3 komodo dragons
  2 fire drakes
  A polar bear (Lair:7)
  A merfolk (Lair:4)
  11 blink frogs
  2 boulder beetles
  2 basilisks
  2 wyverns
  A spriggan (D:7)
  35 yaks
  4 wolves
  9 hippogriffs
  7 porcupines
  11 water moccasins
  10 spiders (Lair:5)
  4 orc warriors
  A sky beast (D:9)
  A swamp drake (D:9)
  4 ice beasts
  A phantom (D:5)
  5 ogres
  4 centaurs
  15 crocodiles
  A boring beetle (Lair:5)
  4 elf zombies (Ossuary)
  Blork the orc (D:9)
  12 giant frogs
  3 killer bees (D:9)
  A scorpion (D:6)
  A giant frog zombie (D:5)
  5 wights (D:9)
  4 electric eels
  3 crimson imps
  4 orc priests
  3 centaur zombies (Ossuary)
  5 human zombies (Ossuary)
  A giant frog skeleton (D:9)
  5 orange rats (Lair:6)
  10 hounds
  11 orc wizards
  3 iguanas
  10 worker ants
  14 sheep
  A sky beast zombie (D:9)
  Ijyb (D:5)
  An ogre zombie (D:9)
  An ogre skeleton (D:5)
  3 mummies (Ossuary)
  A worker ant zombie (D:5)
  22 adders
  An orc zombie (D:5)
  4 gnolls
  43 green rats
  2 worms
  An orc skeleton (D:6)
  8 giant geckos
  An ooze (D:2)
  39 orcs
  13 bats
  A bat skeleton (D:4)
  A giant cockroach (D:2)
  8 hobgoblins
  3 jackals
  15 kobolds
  A ball python (D:2)
  A giant gecko skeleton (D:9)
  5 giant newts
  2 gnoll zombies (D:8)
  8 goblins
  A hobgoblin skeleton (D:5)
  A hobgoblin zombie (D:6)
  6 quokkas
  20 rats
495 creatures vanquished.

Vanquished Creatures (collateral kills)
  A hydra (Lair:7)
  7 death yaks
  A lindwurm (Lair:7)
  4 elephants (Lair:7)
  A wolf (Lair:7)
  2 spiny frogs
  2 fire drakes
  3 blink frogs
  5 yaks (Lair:7)
  2 hippogriffs
  4 water moccasins
  An electric eel (Lair:7)
  An orc wizard (D:4)
  2 adders
  11 green rats
  A bat (D:5)
  A ball python (D:4)
  A fungus (Lair:7)
  A plant (Lair:7)
51 creatures vanquished.

Vanquished Creatures (others)
  A human zombie (Lair:8)
  2 black mamba zombies (Lair:7)
  2 spiny frog zombies (Lair:7)
  2 blink frog zombies
  2 elephant zombies (Lair:7)
  A komodo dragon zombie (Lair:8)
  3 water moccasin zombies
  6 yak zombies
  3 hippogriff zombies (Lair:8)
  A polar bear skeleton (Lair:7)
  A wolf zombie (Lair:7)
  A crocodile zombie (Lair:8)
  A sheep zombie (Lair:8)
  An adder zombie (Lair:8)
  2 orcs
  A kobold (D:4)
  A green rat zombie (Lair:8)
  7 fungi
38 creatures vanquished.

Grand Total: 584 creatures vanquished
